 Dungeon Crawl Stone Soup version 0.13.0-25-g43d4df3 (webtiles) character file.

500 Impy the Ducker (level 6, -15/46 HPs)
             Began as a Demonspawn Gladiator on Oct 28, 2013.
             Was an Initiate of Okawaru.
             Demolished by an ogre
             ... wielding a +0,+0 giant spiked club
              (22 damage)
             ... on Level 4 of the Dungeon.
             The game lasted 00:13:35 (3804 turns).

Impy the Ducker (Demonspawn Gladiator)              Turns: 3804, Time: 00:13:35

HP -15/46        AC  5     Str 13      XL: 6   Next: 65%
MP   5/5         EV 13     Int 12      God: Okawaru [......]
Gold 72          SH  0     Dex 13      Spells:  0 memorised,  5 levels left

Res.Fire  : . . .   See Invis. : .   j - +1 elf long sword
Res.Cold  : . . .   Warding    : .   b - +0 leather armour
Life Prot.: . . .   Conserve   : .   (no shield)
Res.Poison: .       Res.Corr.  : .   (helmet restricted)
Res.Elec. : .       Clarity    : .   (no cloak)
Sust.Abil.: . .     Spirit.Shd : .   p - +1 pair of elf gloves
Res.Mut.  : .       Stasis     : .   (no boots)
Res.Rott. : .       Flight     : .   (no amulet)
Saprovore : . . .                    (no ring)
                                     (no ring)

@: slightly resistant to hostile enchantments, very unstealthy
A: hooves 1, horns 1, slow metabolism 1, spiny 1, Str -2
a: Renounce Religion


You were on level 4 of the Dungeon.
You worshipped Okawaru.
Okawaru was noncommittal.
You were not hungry.

You visited 2 branches of the dungeon, and saw 6 of its levels.

You collected 52 gold pieces.

Inventory:

Hand weapons
 a - a +0,+0 falchion
 j - a +1,+1 elven long sword (weapon)
Missiles
 u - 6 silver javelins (quivered)
Armour
 b - a +0 leather armour (worn)
 c - a +0 helmet
 p - a +1 pair of elven gloves (worn)
Comestibles
 f - a bread ration
 q - a meat ration
Scrolls
 d - 3 scrolls of magic mapping
 e - a scroll of enchant weapon II
 h - 2 scrolls of curse jewellery
 r - a scroll of curse weapon
 s - a scroll of remove curse
Potions
 m - a potion of curing
 t - a potion of slowing


   Skills:
 - Level 2.0 Fighting
 + Level 5.2 Long Blades
 - Level 1.7 Throwing
 + Level 5.2 Dodging


You had 5 spell levels left.
You didn't know any spells.

Dungeon Overview and Level Annotations

Branches:
Dungeon (5/27)             Temple (1/1) D:4

Altars:
Cheibriados
Okawaru
Sif Muna
Trog
Zin
the Shining One

Annotations:
D:2 exclusion: door
D:4 Blork the orc


Innate Abilities, Weirdness & Mutations

You have a pair of small horns on your head.
You are partially covered in sharp spines.
You have large cloven feet.
You have a slow metabolism.
You are weak. (Str -2)


Message History

Drink which item? (? for menu, Esc to quit)
Okay, then.
Read which item? (? for menu, Esc to quit)
Okay, then.
Throwing (i - inventory. (,) - cycle):
o - a throwing net [torn] (quivered)
Press: ? - help, Shift-Dir - straight line, f - ogre
Aim: an ogre, wielding a giant spiked club You throw a throwing net [torn].
The throwing net [torn] hits the ogre.
The ogre is caught in the net!
The ogre struggles against the net.
The ogre struggles against the net.
The net rips apart, and the ogre comes free!
The ogre hits you with a giant spiked club!
* * * LOW HITPOINT WARNING * * *
You hit the ogre. Your kick misses the ogre.
The ogre is lightly wounded.
Blork the orc hits you from afar with an orcish halberd!
* * * LOW HITPOINT WARNING * * *
Found an escape hatch in the ceiling.
The ogre hits you with a giant spiked club!
You die...

#>.........##. #.............
#.......#..##.. #..###........<
{. . #..###.....###. .. .....#.
#..o.o.....# ## .
#.....#.##..###...#.# ..##.
............#.O###...#.###.....
#.##........#.@##...........##.
#.##.........................#.
#.##.....##.#...##...#..##.....
#.##.....##.#........#..##..##.
###.###.##.##.#.......#.......##.
......................##..#......
..........................#...##.
###<#####......................##
#.# #.###.#...##..##.##...##.


You could see Blork the orc and an ogre.

Vanquished Creatures
  2 orc priests
  4 orc wizards
  An iguana (D:4)
  A sky beast zombie (D:4)
  5 gnolls
  8 adders
  A giant mite (D:3)
  An iguana skeleton (D:4)
  10 orcs
  11 bats
  2 giant cockroaches
  7 hobgoblins
  8 kobolds
  5 giant geckos
  9 giant newts
  6 goblins
  4 jackals
  An orc skeleton (D:4)
  2 quokkas
  8 rats
96 creatures vanquished.

Notes
Turn   | Place    | Note
--------------------------------------------------------------
     0 | D:1      | Impy, the Demonspawn Gladiator, began the quest for the Orb.
     0 | D:1      | Reached XP level 1. HP: 17/17 MP: 0/0
   133 | D:1      | Reached skill level 3 in Long Blades
   133 | D:1      | Gained mutation: You have a pair of small horns on your head. [demonic ancestry]
   133 | D:1      | Reached XP level 2. HP: 23/23 MP: 1/1
   435 | D:2      | Found a snail-covered altar of Cheibriados.
   504 | D:2      | Reached XP level 3. HP: 24/28 MP: 2/2
   586 | D:2      | Noticed a moth of wrath
   587 | D:2      | Found a bloodstained altar of Trog.
  1212 | D:3      | Reached XP level 4. HP: 25/35 MP: 3/3
  1221 | D:3      | Paralysed by a potion of paralysis for 2 turns
  1434 | D:3      | Found a deep blue altar of Sif Muna.
  1561 | D:3      | Gained mutation: You are weak. (Str -2) [potion of mutation]
  1561 | D:3      | Gained mutation: You have large cloven feet. [potion of mutation]
  1561 | D:3      | Gained mutation: You have a slow metabolism. [potion of mutation]
  1604 | D:3      | Reached skill level 4 in Dodging
  1693 | D:3      | Reached XP level 5. HP: 6/40 MP: 4/4
  2960 | D:4      | Gained mutation: You are partially covered in sharp spines. [demonic ancestry]
  2960 | D:4      | Reached XP level 6. HP: 46/46 MP: 5/5
  3050 | D:4      | Found a staircase to the Ecumenical Temple.
  3057 | D:4      | Noticed Blork the orc
  3059 | Temple   | Entered the Ecumenical Temple
  3073 | Temple   | Became a worshipper of Warmaster Okawaru
  3136 | D:5      | Entered Level 5 of the Dungeon
  3311 | D:5      | Reached skill level 5 in Dodging
  3556 | D:4      | Reached skill level 5 in Long Blades
  3788 | D:4      | Noticed an ogre
  3804 | D:4      | Demolished by an ogre

Action                   |  1- 3 |  4- 6 || total
-------------------------+-------+-------++-------
Melee: Falchion          |   125 |    19 ||   144
       Long sword        |       |   175 ||   175
Throw: Throwing net      |     4 |     4 ||     8
  Use: Potion            |       |    14 ||    14
       Scroll            |       |     9 ||     9
 Stab: Held in net/web   |     2 |       ||     2
